 Dungeon Crawl Stone Soup version 0.20-a0-809-gaf7f668 (webtiles) character file.

475 Amciq the Skirmisher (level 7, -3/62 HPs)
             Began as a Hill Orc Fighter on Mar 3, 2017.
             Slain by an ogre
             ... wielding a +0 giant club
              (7 damage)
             ... on level 3 of the Dungeon.
             The game lasted 00:06:13 (2509 turns).

Amciq the Skirmisher (Hill Orc Fighter)             Turns: 2509, Time: 00:06:13

Health: -3/62      AC: 13    Str: 26    XL:     7   Next: 10%
Magic:  7/7        EV:  5    Int:  6    God:
Gold:   191        SH: 10    Dex: 10    Spells: 6/6 levels left

rFire    . . .     SeeInvis .   a - +0 war axe
rCold    . . .     Gourm    .   o - +0 plate armour
rNeg     . . .     Faith    .   c - +0 shield
rPois    .         Spirit   .   (no helmet)
rElec    .         Reflect  .   q - +0 cloak
rCorr    .         Harm     .   (no gloves)
MR       .....                  (no boots)
Stlth    ..........             (no amulet)
Regen    0.2/turn               (no ring)
MPRegen  0.1/turn               e - -2 ring of intelligence (curse)

@: mighty
A: no striking features
a: no special abilities


You were on level 3 of the Dungeon.
You were not hungry.

You visited 1 branch of the dungeon, and saw 3 of its levels.

You collected 191 gold pieces.

Inventory:

Hand Weapons
 a - a +0 war axe (weapon)
Armour
 c - a +0 shield (worn)
 o - a +0 plate armour (worn)
 q - a +0 cloak (worn)
Jewellery
 e - a cursed -2 ring of intelligence (left hand)
 g - a +2 ring of strength {unknown}
 r - a cursed -3 ring of slaying {unknown}
Scrolls
 b - 2 scrolls of identify {unknown}
 m - a scroll of enchant weapon {unknown}
 n - 2 scrolls of magic mapping {unknown}
 p - 2 scrolls of fog {unknown}
 t - 2 scrolls of blinking {unknown}
Potions
 h - 2 potions of agility {unknown}
 j - a potion of flight {unknown}
 k - 3 potions of heal wounds {unknown}
 l - a potion of ambrosia {unknown}
 u - a potion of magic {unknown}
Comestibles
 f - 3 bread rations
 i - a royal jelly
 s - 4 chunks of flesh


   Skills:
 + Level 5.9 Fighting
 + Level 5.4 Axes
 + Level 4.9 Armour
 + Level 5.0 Shields


You had 6 spell levels left.
You didn't know any spells.

Dungeon Overview and Level Annotations

Branches:
Dungeon (3/15)

Altars:
Vehumet


Message History

You slash the gnoll!
You kill the gnoll!
You hit the gnoll shaman. You block the gnoll's attack.
The gnoll shaman barely misses you. The ogre hits you with a giant club!
* * * LOW HITPOINT WARNING * * *
The gnoll hits you but does no damage.
A gnoll comes into view. It is wielding a halberd.
Things that are here:
a club; a gnoll corpse You feel very mighty all of a sudden.
The gnoll shaman hits you but does no damage.
You block the ogre's attack.
The gnoll hits you from afar with a halberd.
* * * LOW HITPOINT WARNING * * *
Your plate armour prevents you from hitting the ogre.
You slash the gnoll shaman!
You kill the gnoll shaman!
Your Shields skill increases to level 5!
You block the gnoll's attack. The ogre hits you with a giant club!
You die...

≈≈≈≈≈≈≈≈≈≈≈≈≈≈≈≈≈#####≈≈....#.###
.................#..g#≈≈...[#....
##################...#≈≈P...#.###
.'....#'###≈≈....#....
#....#.#.≈≈≈....#.###
#gg..#.#.≈≈≈.)P.#.###
##g###.#.≈≈≈....#....
#.)O...#.≈≈≈....#....
#..)@..#.≈≈≈....#.#.#
##################.#.≈≈≈....#...>
#....#.........).#.#.≈≈≈....#....
'....'.........))).#.≈≈≈....#....
#.)))#...........#'###≈≈P...#....
#'')'#############...#≈≈....#.###
.................#...#≈≈....#.###
≈....≈≈≈≈≈≈≈≈≈≈≈≈#####≈≈....#....
≈....≈≈≈≈≈≈≈≈≈≈≈≈≈≈≈≈≈≈≈....#....


You could see an ogre and 3 gnolls.

Vanquished Creatures
  2 gnoll shamans (D:3)
  Jessica (D:3)
  27 gnolls (D:3)
  2 adders
  2 oozes
  A worm (D:3)
  2 dart slugs
  A leopard gecko (D:2)
  4 orcs (D:3)
  2 ball pythons
  2 bats (D:1)
  4 giant cockroaches
  8 goblins
  6 hobgoblins
  25 jackals
  4 kobolds
  A quokka (D:2)
  3 frilled lizards
  6 rats
103 creatures vanquished.

Notes
Turn   | Place    | Note
-------+----------+-------------------------------------------
     0 | D:1      | Amciq the Hill Orc Fighter began the quest for the Orb.
     0 | D:1      | Reached XP level 1. HP: 19/19 MP: 1/1
   110 | D:1      | Reached XP level 2. HP: 27/27 MP: 2/2
   818 | D:2      | Reached XP level 3. HP: 32/33 MP: 3/3
  1310 | D:2      | Reached XP level 4. HP: 41/41 MP: 4/4
  1611 | D:3      | Found a radiant altar of Vehumet.
  1691 | D:3      | Noticed Jessica
  1697 | D:3      | Killed Jessica
  1697 | D:3      | Reached XP level 5. HP: 47/47 MP: 5/5
  1889 | D:3      | Reached skill level 5 in Fighting
  2264 | D:3      | Reached XP level 6. HP: 36/56 MP: 6/6
  2456 | D:3      | Reached skill level 5 in Axes
  2492 | D:3      | Reached XP level 7. HP: 42/62 MP: 7/7
  2509 | D:3      | Reached skill level 5 in Shields
  2509 | D:3      | Slain by an ogre

Vault maps used:
D:1:      zaba_arrival_water, serial_bayou, serial_bayou_crossing,
          serial_bayou_lagoon_a, serial_bayou_pond_e, serial_bayou_pond_e,
          moated_statue
D:2:      first_bread
D:3:      lemuel_castle_with_subvaults, lemuel_doored_altar, uniq_jessica

Skill      XL: |  1  2  3  4  5  6  7 |
---------------+----------------------+-----
Fighting       | 4 5 |  5.9
Axes           | 3 4 5 |  5.4
Armour         | 4 |  4.9
Shields        | 4 5 |  5.0

Action                   |  1- 3 |  4- 6 |  7- 9 || total
-------------------------+-------+-------+-------++-------
Melee: War axe           |   114 |   193 |    12 ||   319
  Use: Potion            |       |       |     1 ||     1
  Eat: Chunk             |     2 |     4 |       ||     6
Armor: Scale mail        |    25 |       |       ||    25
       Plate armour      |    41 |   180 |    16 ||   237
Dodge: Dodged            |    28 |    44 |     8 ||    80
Block: Shield            |    69 |   120 |    12 ||   201
